 Dungeon Sprint DCSS version 0.25-a0-502-g6516661a7a (webtiles) character file.

Game seed: 10549821330686030654, levelgen mode: deterministic

11500000 jt the Axe Maniac (level 27, -2/249 HPs)
             Began as a Formicid Fighter on Feb 12, 2020.
             Was the Champion of Makhleb.
             Killed by divine providence
             ... invoked by an observer
              (15 damage)
             ... in the Dungeon (Sprint VIII: "Arena of Blood").
             The game lasted 00:06:52 (115 turns).

jt the Axe Maniac (Formicid Fighter)                 Turns: 115, Time: 00:06:52

Health: -2/249     AC: 13    Str: 25    XL:     27
Magic:  43/54      EV: 32    Int:  8    God:    Makhleb [******]
Gold:   0          SH: 20    Dex: 19    Spells: 80/80 levels left

rFire    + . .     SeeInvis +   l - +∞ Axe of Woe
rCold    . . .     Gourm    .   c - +0 kite shield
rNeg     . . .     Faith    .   b - +0 scale mail
rPois    .         Spirit   .   (helmet unavailable)
rElec    .         Reflect  .   (no cloak)
rCorr    .         Harm     .   (no gloves)
MR       ++...                  (no boots)
Stlth    ++++++++..             (no amulet)
HPRegen  0.00/turn              m - ring of protection from fire
MPRegen  0.34/turn              (no ring)

@: marked, non-regenerating, diseased
A: permanent stasis, dig shafts and tunnels, four strong arms, antennae 3
a: Dig, Minor Destruction, Lesser Servant of Makhleb, Major Destruction, Greater
Servant of Makhleb, Renounce Religion


You were in the Dungeon.
You worshipped Makhleb.
Makhleb was exalted by your worship.
You were not hungry.

You visited 1 branch

Inventory:

Hand Weapons
 a - a +0 war axe
 l - the +∞ Axe of Woe (weapon)
   (You found it in the Dungeon)
Armour
 b - a +0 scale mail (worn)
 c - a +0 kite shield (worn)
Jewellery
 m - a ring of protection from fire (left hand)
Scrolls
 k - a scroll of blinking
Potions
 d - a potion of might
 e - a potion of curing
 h - a potion of haste
 i - 2 potions of magic
 j - a potion of berserk rage
Comestibles
 f - a ration


   Skills:
 O Level 27 Fighting
 O Level 27 Axes
 O Level 27 Throwing
 O Level 27 Armour
 O Level 27 Dodging
 O Level 27 Stealth
 O Level 27 Shields
 O Level 27 Unarmed Combat
 O Level 27 Spellcasting
 O Level 27 Invocations


You had 80 spell levels left.
You didn't know any spells.
Your spell library was empty.

Dungeon Overview and Level Annotations

Branches:
Dungeon (1/1)

Altars:
Makhleb

Annotations:
D The Captor


Innate Abilities, Weirdness & Mutations

You cannot be hasted, slowed, berserked, paralysed or teleported.
You can dig through walls and to a lower floor.
Your four strong arms can wield two-handed weapons with a shield.
You have a pair of large antennae on your head. (SInv)


Message History

The eight-headed meat hydra convulses!
Your body is wracked with pain!
* * * LOW HITPOINT WARNING * * *
The observer convulses!
The bag of meat convulses!
The meat berserker convulses!
The observer gazes at you. Something smites you!
* * * LOW HITPOINT WARNING * * *
The tyrant casts a spell.
You hear a shout!
A wretched soul comes into view.
You hear a shout! x2
Press: ? - help, v - describe, . - travel, g - get item A meat hydra corpse.
The floor, spattered with blood.
You feel much better.
The dread appears out of thin air!
A dread comes into view.
A meat beast comes into view. x2
You hear a shout! x2
The observer gazes at you. Something smites you!
You die...

.. ................#......#
#.{ ...#.MW....X..........#
#.{ ....#.O...L.....##.....#
##.. ....###.....S.......)..#
....###..X..OX.....)###)....#
....._...X.W.....§§{))..)...#
#.....#G.oL..)#)#§).).))))#
#_.<._#W....)†§S.§§)...)).#
{.#..)V.#..{)){#@#)#..%..)))#
....._...))))))))...§..%....#
....###..2.)))))#S#.#..#....#
##......D###.))).@....#.....#
#......{#.............#....#
#....{..#2WW.......D.#.....#
....{...D..................#
........V...#...#.....
.oo{.......#....#....


You could see an accursed, 2 tentacled monstrosities, 2 meat beasts, 2 tyrants,
2 eight-headed meat hydras, a destroyer, an observer (invisible), 3 scourges, a
large bag of meat (inner flame), 2 large abominations, a wretched soul
(invisible), 4 dreads, The Captor, a meat berserker (berserk) and a bag of meat.

Vanquished Creatures
  9 hell beasts (D)
  6 greater mummies (D)
  A great orb of eyes (D)
  3 wraiths (D)
  Harold (D)
  17 vampire knights (D)
  35 ogres (D)
  7 two-headed ogres (D)
  4 liches (D)
  A hydra (D)
  71 orcs (D)
  4 phantoms (D)
  6 skeletal warriors (D)
  10 large abominations (D)
  3 small abominations (D)
  2 crawling corpses (D)
180 creatures vanquished.

Vanquished Creatures (others)
  6 crawling corpses (D)
6 creatures vanquished.

Grand Total: 186 creatures vanquished

Notes
Turn   | Place    | Note
-------+----------+-------------------------------------------
     0 | D        | Found the +∞ Axe of Woe
     0 | D        | jt the Formicid Fighter began the quest for the Orb.
     0 | D        | Reached XP level 1. HP: 18/18 MP: 1/1
     2 | D        | Noticed a bag of meat
     2 | D        | Noticed a bag of meat
     3 | D        | Killed a bag of meat
     3 | D        | Reached XP level 2. HP: 24/24 MP: 2/2
     3 | D        | Reached XP level 3. HP: 29/29 MP: 3/3
     3 | D        | Reached XP level 4. HP: 35/35 MP: 4/4
     3 | D        | Reached XP level 5. HP: 41/41 MP: 5/5
     3 | D        | Reached XP level 6. HP: 47/47 MP: 6/6
     3 | D        | Reached XP level 7. HP: 52/52 MP: 7/7
     3 | D        | Reached XP level 8. HP: 58/58 MP: 8/8
     3 | D        | Reached XP level 9. HP: 64/64 MP: 9/9
     3 | D        | Reached XP level 10. HP: 70/70 MP: 10/10
     3 | D        | Reached XP level 11. HP: 75/75 MP: 11/11
     3 | D        | Reached XP level 12. HP: 81/81 MP: 12/12
     3 | D        | Noticed a meat berserker
     3 | D        | Noticed a bag of meat
     4 | D        | Killed a meat berserker
     4 | D        | Reached skill level 27 in Axes
     4 | D        | Reached XP level 13. HP: 132/132 MP: 13/13
     4 | D        | Reached XP level 14. HP: 139/139 MP: 14/14
     4 | D        | Noticed a bag of meat
     6 | D        | Became a worshipper of Makhleb the Destroyer
     6 | D        | Noticed a bag of meat
     6 | D        | Noticed a meat berserker
     8 | D        | Noticed a bag of meat
     8 | D        | Noticed a bag of meat
     8 | D        | Noticed a meat berserker
     8 | D        | Noticed a meat berserker
     9 | D        | Noticed a bag of meat
     9 | D        | Noticed a bag of meat
     9 | D        | Noticed a bag of meat
     9 | D        | Noticed a bag of meat
    10 | D        | Noticed a bag of meat
    10 | D        | Noticed a meat berserker
    10 | D        | Noticed a bag of meat
    11 | D        | Noticed a bag of meat
    11 | D        | Noticed a meat berserker
    11 | D        | Noticed a bag of meat
    11 | D        | Noticed a meat berserker
    12 | D        | Killed a bag of meat
    12 | D        | Reached XP level 15. HP: 151/151 MP: 15/15
    12 | D        | Killed a meat berserker
    12 | D        | Reached * piety under Makhleb
    12 | D        | Reached XP level 16. HP: 166/166 MP: 16/16
    12 | D        | Killed a meat berserker
    12 | D        | Reached skill level 27 in Fighting
    12 | D        | Reached skill level 27 in Shields
    13 | D        | Reached XP level 17. HP: 174/174 MP: 16/25
    13 | D        | Reached ** piety under Makhleb
    13 | D        | Reached skill level 15 in Invocations
    14 | D        | Reached XP level 18. HP: 182/182 MP: 16/30
    14 | D        | Noticed a meat berserker
    15 | D        | Killed a meat berserker
    15 | D        | Killed a meat berserker
    15 | D        | Reached *** piety under Makhleb
    15 | D        | Reached XP level 19. HP: 189/189 MP: 16/35
    16 | D        | Noticed a meat berserker
    17 | D        | Killed a meat berserker
    17 | D        | Reached skill level 27 in Invocations
    17 | D        | Reached XP level 20. HP: 177/197 MP: 16/37
    17 | D        | Reached **** piety under Makhleb
    17 | D        | Reached skill level 27 in Armour
    18 | D        | Noticed a meat berserker
    18 | D        | Noticed a destroyer
    18 | D        | Noticed a large bag of meat
    18 | D        | Noticed a destroyer
    19 | D        | Noticed a meat berserker
    19 | D        | Killed a meat berserker
    19 | D        | Reached skill level 27 in Dodging
    19 | D        | Reached skill level 10 in Throwing
    19 | D        | Reached skill level 10 in Unarmed Combat
    19 | D        | Reached skill level 10 in Spellcasting
    19 | D        | Reached XP level 21. HP: 204/204 MP: 17/38
    19 | D        | Reached ***** piety under Makhleb
    19 | D        | Reached skill level 15 in Stealth
    19 | D        | Reached skill level 15 in Throwing
    19 | D        | Reached skill level 15 in Unarmed Combat
    19 | D        | Reached skill level 15 in Spellcasting
    20 | D        | Killed a meat berserker
    20 | D        | Reached XP level 22. HP: 212/212 MP: 17/44
    21 | D        | Killed a large bag of meat
    21 | D        | Noticed a meat berserker
    23 | D        | Noticed a large bag of meat
    23 | D        | Killed a meat berserker
    23 | D        | Reached skill level 27 in Stealth
    23 | D        | Reached XP level 23. HP: 218/219 MP: 18/50
    24 | D        | Reached ****** piety under Makhleb
    24 | D        | Killed a destroyer
    24 | D        | Reached skill level 27 in Throwing
    24 | D        | Reached skill level 27 in Unarmed Combat
    24 | D        | Reached skill level 27 in Spellcasting
    24 | D        | Reached XP level 24. HP: 227/227 MP: 18/54
    27 | D        | Noticed a large bag of meat
    27 | D        | Reached XP level 25. HP: 234/234 MP: 19/54
    27 | D        | Noticed a destroyer
    27 | D        | Noticed a large bag of meat
    29 | D        | Reached XP level 26. HP: 242/242 MP: 19/54
    31 | D        | Noticed The Servant
    32 | D        | Killed a large bag of meat
    32 | D        | Reached XP level 27. HP: 249/249 MP: 20/54
    34 | D        | Killed a large bag of meat
    34 | D        | Noticed a large bag of meat
    35 | D        | Noticed a destroyer
    36 | D        | Killed a destroyer
    38 | D        | Noticed a large bag of meat
    38 | D        | Noticed a destroyer
    38 | D        | Noticed a destroyer
    39 | D        | Killed a destroyer
    40 | D        | Killed a destroyer
    41 | D        | Noticed a destroyer
    42 | D        | Noticed a destroyer
    42 | D        | Noticed a destroyer
    45 | D        | Noticed a destroyer
    45 | D        | Noticed a destroyer
    46 | D        | Killed a large bag of meat
    46 | D        | Noticed a destroyer
    46 | D        | Noticed a destroyer
    47 | D        | Killed a destroyer
    49 | D        | Noticed an accursed
    49 | D        | Killed a destroyer
    49 | D        | Noticed a destroyer
    51 | D        | Noticed an accursed
    51 | D        | Noticed a tyrant
    51 | D        | Killed a tyrant
    51 | D        | Killed a large bag of meat
    52 | D        | Killed a destroyer
    52 | D        | Noticed a destroyer
    53 | D        | Killed a destroyer
    53 | D        | Killed an accursed
    55 | D        | Killed The Servant
    55 | D        | Killed a large bag of meat
    55 | D        | Noticed an accursed
    56 | D        | Killed a destroyer
    56 | D        | Killed a destroyer
    56 | D        | Killed a destroyer
    57 | D        | Killed a destroyer
    58 | D        | Noticed a tyrant
    59 | D        | Noticed The Captor
    61 | D        | Noticed a meat beast
    62 | D        | Killed a meat beast
    63 | D        | Noticed an accursed
    63 | D        | Noticed a destroyer
    64 | D        | Killed a destroyer
    64 | D        | Noticed an accursed
    65 | D        | Noticed a meat beast
    68 | D        | Noticed a dread
    70 | D        | Noticed a dread
    70 | D        | Killed a destroyer
    72 | D        | Noticed a meat beast
    77 | D        | Killed a destroyer
    78 | D        | Noticed a meat beast
    78 | D        | Killed a tyrant
    78 | D        | Killed a dread
    78 | D        | Killed a meat beast
    79 | D        | Noticed a meat beast
    79 | D        | Killed an accursed
    79 | D        | Noticed a destroyer
    80 | D        | Noticed a meat beast
    82 | D        | Killed an accursed
    82 | D        | Killed a meat beast
    83 | D        | Killed an accursed
    84 | D        | Killed a destroyer
    84 | D        | Killed a meat beast
    84 | D        | Killed a meat beast
    85 | D        | Killed an accursed
    88 | D        | Noticed a meat beast
    88 | D        | Killed a dread
    88 | D        | Killed a meat beast
    91 | D        | Killed a meat beast
    94 | D        | Noticed a meat beast
    94 | D        | Noticed a large bag of meat
    95 | D        | Noticed a meat beast
    95 | D        | Noticed a dread
    98 | D        | Killed a meat beast
   100 | D        | Killed a meat beast
   101 | D        | Noticed a tyrant
   101 | D        | Noticed a tyrant
   101 | D        | Noticed an accursed
   104 | D        | Killed a large bag of meat
   105 | D        | Noticed a tyrant
   106 | D        | Killed a dread
   107 | D        | Noticed a dread
   109 | D        | Killed a tyrant
   109 | D        | Noticed a tyrant
   110 | D        | Killed a destroyer
   111 | D        | Noticed a dread
   111 | D        | Noticed a dread
   113 | D        | Noticed a large bag of meat
   113 | D        | Noticed a destroyer
   114 | D        | Killed a tyrant
   114 | D        | Killed an accursed
   114 | D        | Noticed an accursed
   114 | D        | HP: 5/241 [observer/divine providence (14)]
   115 | D        | Noticed a meat beast
   115 | D        | Noticed a meat beast
   115 | D        | Killed from afar by an observer

Levels and vault maps discovered:
D:        meatsprint

Skill      XL: |  1  2  3  4  5  6  7  8  9 10 11 12 13 14 15 16 17 18 19 20 21 22 23 |
---------------+----------------------------------------------------------------------+-----
Axes           | 25 27 | 27.0
Fighting       | 21 23 26 27 | 27.0
Shields        | 13 20 27 | 27.0
Armour         | 11 16 22 26 27 | 27.0
Dodging        | 9 14 19 22 27 | 27.0
Invocations    | 11 17 24 27 | 27.0
Throwing       | 10 18 23 27 | 27.0
Stealth        | 12 22 27 | 27.0
Unarmed Combat | 10 18 23 27 | 27.0
Spellcasting   | 10 18 23 27 | 27.0

Action                   |  1- 3 |  4- 6 |  7- 9 | 10-12 | 13-15 | 16-18 | 19-21 | 22-24 | 25-27 || total
-------------------------+-------+-------+-------+-------+-------+-------+-------+-------+-------++-------
Melee: Executioner's axe |     1 |       |       |     1 |     1 |     3 |     3 |     5 |    57 ||    71
  Use: Potion            |       |       |       |       |       |       |       |       |     1 ||     1
Armor: Scale mail        |       |       |       |       |       |       |       |       |     2 ||     2
Dodge: Dodged            |       |       |       |       |       |       |       |       |    15 ||    15
Block: Kite shield       |       |       |       |       |       |       |     2 |       |    11 ||    13

Table legend:
 A = Non-vault XP
 B = Vault XP
 C = Vault XP percentage of total XP
 D = Non-vault monster count
 E = Vault monster count
 F = Vault count percentage of total count
                 A         B        C        D         E       F
            +---------+---------+-------+---------+---------+-------
      Total | 4293827 | 1741943 |  28.9 |      95 |      83 |  46.6
            +---------+---------+-------+---------+---------+-------
          D | 4293827 | 1741943 |  28.9 |      95 |      83 |  46.6
            +---------+---------+-------+---------+---------+-------
